[Event "Titled Tuesday Blitz March 15 Late 2022"]
[White "Mikhailov, Viacheslav"]
[Black "Perez Leiva, Jerzy Jesus"]
[WhiteFideId "4187369"]
[BlackFideId "3524337"]
[WhiteElo "2381"]
[BlackElo "2261"]
[Result "1-0"]
[Round "03"]
[TimeControl "180+1"]
[Date "2022.03.16"]
[WhiteClock "0:01:05"]
[BlackClock "0:00:29"]

1. Nf3 Nf6 2. g3 d5 3. Bg2 g6 4. O-O c5 5. c4 dxc4 6. Na3 Bg7 7. Nxc4 O-O 8. d3 Nc6 9. Be3 Nd7 10. Qd2 e5 11. Bh6 Qe7 12. Bxg7 Kxg7 13. a4 Nb6 14. Ne3 f6 15. a5 Nd7 16. a6 Rb8 17. Nh4 f5 18. axb7 Bxb7 19. Bxc6 Bxc6 20. Rxa7 Rb7 21. Rfa1 f4 22. Nc4 g5 23. Rxb7 Bxb7 24. Ra7 Bc6 25. Nf3 Bxf3 26. exf3 fxg3 27. hxg3 Rxf3 28. Nb6 1-0


[Site "https://www.chess.com"]

[Event "Titled Tuesday Blitz March 15 Late 2022"]
[White "Morris-Suzuki, Sophie"]
[Black "Dylag, Emilia"]
[WhiteFideId "30922615"]
[BlackFideId "21805172"]
[WhiteElo "2486"]
[BlackElo "1932"]
[Result "1-0"]
[Round "03"]
[TimeControl "180+1"]
[Date "2022.03.16"]
[WhiteClock "0:01:32"]
[BlackClock "0:00:22"]

1. d4 Nf6 2. c4 e6 3. Nc3 Bb4 4. e3 b6 5. Bd3 Bb7 6. f3 O-O 7. e4 d5 8. cxd5 exd5 9. e5 Re8 10. Ne2 Nfd7 11. O-O c5 12. f4 cxd4 13. Nxd4 Bc5 14. Be3 Nc6 15. Nce2 Rc8 16. Kh1 Nf8 17. Rc1 Nb4 18. Bf5 Ne6 19. a3 Nc6 20. Qd3 g6 21. Nxe6 fxe6 22. Bxg6 hxg6 23. Qxg6+ Kf8 24. f5 Bxe3 25. fxe6+ Ke7 26. Rf7# 1-0


[Site "https://www.chess.com"]

[Event "Titled Tuesday Blitz March 15 Late 2022"]
[White "Moussard, Jules"]
[Black "Hakobyan, Aram"]
[WhiteFideId "642908"]
[BlackFideId "13306677"]
[WhiteElo "2557"]
[BlackElo "2557"]
[Result "0-1"]
[Round "03"]
[TimeControl "180+1"]
[Date "2022.03.15"]
[WhiteClock "0:00:04"]
[BlackClock "0:00:18"]

1. Nf3 d5 2. b3 Nf6 3. Bb2 e6 4. g3 Be7 5. Bg2 O-O 6. O-O c5 7. e3 Nc6 8. d4 cxd4 9. exd4 b6 10. Nbd2 Ba6 11. Re1 Rc8 12. a3 Qc7 13. Rc1 Rfd8 14. Ne5 Nxe5 15. dxe5 Nd7 16. b4 Bb5 17. Nb3 Ba4 18. Nd4 b5 19. Qe2 Qb6 20. Nb3 Bxb3 21. cxb3 Bg5 22. Rc2 a6 23. h4 Be7 24. Rec1 Qb8 25. Bd4 Rxc2 26. Qxc2 Nxe5 27. Qc7 Qxc7 28. Rxc7 Bd6 29. Rb7 Rb8 30. Rxb8+ Bxb8 31. f4 Nc6 32. Bb2 Ba7+ 33. Kf1 Bd4 34. Bc1 h5 35. f5 Be5 36. fxe6 fxe6 37. Kf2 Kf7 38. Bf3 g6 39. g4 hxg4 40. Bxg4 Nd4 41. Bb2 Bf6 42. h5 gxh5 43. Bxh5+ Ke7 44. Bd1 Nc6 45. Bc1 Kd6 46. Ke2 e5 47. Kd3 e4+ 48. Ke2 Nd4+ 49. Ke3 Ne6 50. Ke2 Ke5 51. a4 Nd4+ 52. Ke1 Be7 53. Bh6 Bxb4+ 54. Kf1 Nf5 55. Bg5 Be7 56. Bc1 Bc5 57. axb5 axb5 58. Be2 b4 59. Ke1 Be3 60. Bb2+ Bd4 61. Bc1 Bc3+ 62. Kd1 d4 63. Bc4 d3 64. Bg5 Kd4 65. Bf6+ Ke3 66. Bg5+ Kf3 67. Bf7 Ne3+ 68. Bxe3 Kxe3 69. Bg6 Kd4 70. Bh7 e3 71. Bxd3 Kxd3 72. Kc1 e2 73. Kb1 e1=Q+ 74. Ka2 Qa1# 0-1


[Site "https://www.chess.com"]

[Event "Titled Tuesday Blitz March 15 Late 2022"]
[White "Najer, Evgeniy"]
[Black "Ozates, Tuna"]
[WhiteFideId "4118987"]
[BlackFideId "6354521"]
[WhiteElo "2562"]
[BlackElo "1887"]
[Result "0-1"]
[Round "03"]
[TimeControl "180+1"]
[Date "2022.03.16"]
[WhiteClock "0:00:01"]
[BlackClock "0:00:11"]

1. d4 Nf6 2. c4 g6 3. Nc3 Bg7 4. e4 d6 5. Be2 O-O 6. Be3 Na6 7. Nf3 e5 8. O-O exd4 9. Nxd4 Nc5 10. Qc2 a5 11. Rad1 Nfd7 12. Ndb5 Re8 13. Nd5 Na6 14. a3 c6 15. Nxd6 cxd5 16. Nxe8 Qxe8 17. cxd5 Ne5 18. Bd4 Bd7 19. f4 Rc8 20. Qd2 Nc4 21. Bxc4 Rxc4 22. Bxg7 Kxg7 23. e5 Qd8 24. Kh1 Qb6 25. Rc1 Rd4 26. Qf2 Bg4 27. Rc4 Rd1 28. Qxb6 Rxf1+ 29. Qg1 Rxg1+ 30. Kxg1 Kf8 31. Kf2 Ke7 32. Ke3 Bd7 33. Kd4 h5 34. Rc1 Bf5 35. b3 Kd7 36. Re1 h4 37. Kc4 Nc7 38. Kc5 Bc2 39. b4 axb4 40. axb4 Bb3 41. d6 Ne6+ 42. Kb6 Nxf4 43. Rc1 Nd5+ 0-1


[Site "https://www.chess.com"]

[Event "Titled Tuesday Blitz March 15 Late 2022"]
[White "Nakamura, Hikaru"]
[Black "Narayanan.S.L"]
[WhiteFideId "2016192"]
[BlackFideId "5058422"]
[WhiteElo "2850"]
[BlackElo "2494"]
[Result "1/2-1/2"]
[Round "03"]
[TimeControl "180+1"]
[Date "2022.03.15"]
[WhiteClock "0:00:06"]
[BlackClock "0:00:06"]

1. Nf3 Nf6 2. b3 g6 3. Bb2 Bg7 4. d4 O-O 5. e3 b6 6. Be2 Bb7 7. O-O e6 8. c4 d5 9. Qc2 Nbd7 10. c5 c6 11. Nbd2 a5 12. a3 Ba6 13. Bxa6 Rxa6 14. b4 Qa8 15. Nb3 axb4 16. axb4 Rb8 17. Nfd2 Ne8 18. Rxa6 Qxa6 19. Ra1 Qb7 20. Rc1 bxc5 21. bxc5 Nc7 22. Bc3 Nb5 23. Bb2 e5 24. h3 exd4 25. exd4 Nf8 26. Ra1 Ne6 27. Ra4 Ra8 28. Rb4 Qc7 29. g3 h5 30. h4 Bf6 31. Nf3 Kg7 32. Nc1 Qa5 33. Nd3 Rb8 34. Qd1 Re8 35. Kg2 Nec7 36. Rb3 Qa4 37. Nde5 Ne6 38. Nxc6 Nxc5 39. dxc5 Bxb2 40. Qd3 Nc7 41. Rb6 Bf6 42. Nb4 Qa8 43. Rxf6 Kxf6 44. Qd4+ Ke7 45. Qe5+ Kd7 46. Qd6+ Kc8 47. c6 Rd8 48. Qc5 Qa3 49. Qb6 Qa8 50. Nd3 Qa6 51. Qb2 Qxc6 52. Nfe5 Qb7 53. Qc2 d4+ 54. Kh2 Rd6 55. Nxf7 Rc6 56. Qe2 Qb3 57. Qe4 Qxf7 58. Qxc6 Qf5 59. Qc2 Kd7 60. Qc4 Qd5 61. Qc2 Kd6 62. Nf4 Qf5 63. Qc4 Ne6 64. Qa6+ Ke5 65. Nd3+ Kf6 66. Kg1 Qe4 67. Qc4 Qf5 68. Qc2 Qe4 69. Qd2 g5 70. Nb4 gxh4 71. Qh6+ Ke7 72. Qc1 hxg3 73. fxg3 d3 74. Qd2 Nd4 75. Qxd3 Qxd3 76. Nxd3 Ne2+ 77. Kf2 Nxg3 78. Kxg3 h4+ 79. Kxh4 1/2-1/2


[Site "https://www.chess.com"]

[Event "Titled Tuesday Blitz March 15 Late 2022"]
[White "Niemann, Hans Moke"]
[Black "Barp, Alberto"]
[WhiteFideId "2093596"]
[BlackFideId "872555"]
[WhiteElo "2632"]
[BlackElo "2229"]
[Result "1-0"]
[Round "03"]
[TimeControl "180+1"]
[Date "2022.03.15"]
[WhiteClock "0:02:14"]
[BlackClock "0:00:38"]

1. d4 Nf6 2. Nc3 d5 3. Bf4 e6 4. Nb5 Na6 5. e3 Be7 6. Nf3 O-O 7. c4 Bd7 8. Nc3 c5 9. cxd5 exd5 10. Bxa6 bxa6 11. O-O c4 12. Ne5 Rc8 13. Rc1 Qa5 14. Bg5 Be6 15. f4 Qd8 16. f5 Bd7 17. Qf3 Be8 18. Bxf6 gxf6 19. Nxd5 fxe5 20. f6 1-0


[Site "https://www.chess.com"]

[Event "Titled Tuesday Blitz March 15 Late 2022"]
[White "Nihal Sarin"]
[Black "Abdrlauf, Elham"]
[WhiteFideId "25092340"]
[BlackFideId "1533533"]
[WhiteElo "2705"]
[BlackElo "2334"]
[Result "1-0"]
[Round "03"]
[TimeControl "180+1"]
[Date "2022.03.15"]
[WhiteClock "0:00:08"]
[BlackClock "0:00:03"]

1. c4 e5 2. Nc3 Nf6 3. Nf3 e4 4. Ng5 c6 5. Ngxe4 Nxe4 6. Nxe4 d5 7. cxd5 cxd5 8. Ng3 Nc6 9. e3 h5 10. h3 h4 11. Ne2 Qg5 12. d4 Bf5 13. Nc3 Qg6 14. a3 Bd6 15. Qf3 O-O-O 16. Be2 Be6 17. O-O f5 18. Bd2 Qf7 19. Nb5 Bb8 20. Rfc1 g5 21. Bd3 Kd7 22. Nc3 a6 23. Na4 Ke7 24. Nc5 Bc8 25. Nxa6 Bd6 26. Nb4 Qe6 27. Nxd5+ Kf7 28. Nb6 Kg7 29. Nxc8 Rxc8 30. Bxf5 Qe7 31. Bxc8 Rxc8 32. Qg4 Rf8 33. e4 Bf4 34. Rd1 Kg6 35. Be3 Qxe4 36. Rac1 Qd5 37. Rc5 Qd8 38. Re1 Qe7 39. Qd1 Re8 40. Qd3+ Kh5 41. Bd2 Qxe1+ 42. Bxe1 Rxe1+ 43. Qf1 Bh2+ 44. Kxh2 Rxf1 45. d5 Nb8 46. Rc7 b5 47. Rb7 Na6 48. b4 Rd1 49. Rh7+ Kg6 50. Ra7 Nb8 51. Rb7 Rxd5 52. Rxb8 Kh5 53. f3 Re5 54. Rc8 Rd5 55. Rc5 Rd3 56. Rxb5 Rxa3 57. f4 1-0


[Site "https://www.chess.com"]

[Event "Titled Tuesday Blitz March 15 Late 2022"]
[White "Obolenskikh, Dmitry"]
[Black "Bluebaum, Matthias"]
[WhiteFideId "4156013"]
[BlackFideId "24651516"]
[WhiteElo "2512"]
[BlackElo "2550"]
[Result "1-0"]
[Round "03"]
[TimeControl "180+1"]
[Date "2022.03.15"]
[WhiteClock "0:00:37"]
[BlackClock "0:00:13"]

1. Nf3 d5 2. e3 Nf6 3. c4 e6 4. b3 Bd6 5. Bb2 O-O 6. Nc3 Re8 7. d4 b6 8. Be2 Bb7 9. O-O Nbd7 10. cxd5 exd5 11. Nb5 Bf8 12. Ba3 a6 13. Bxf8 Nxf8 14. Nc3 Ne6 15. b4 Qd6 16. Qb3 h5 17. a4 g6 18. b5 a5 19. Qa3 Qd8 20. Ne5 Nd7 21. f4 Nxe5 22. fxe5 Qg5 23. Rf3 Rad8 24. Raf1 Rd7 25. Rg3 Qh6 26. h4 Kh8 27. Rf6 Ng7 28. Bd3 Rde7 29. Ne2 Bc8 30. Nf4 Bf5 31. Be2 Be4 32. Rg5 Qh7 33. g3 Ne6 34. Nxe6 Rxe6 35. Rf4 c6 36. bxc6 Rxc6 37. Bb5 Rec8 38. Bxc6 Rxc6 39. Qf8+ Qg8 40. Qh6+ Qh7 41. Qxh7+ Kxh7 42. Rxf7+ Kh6 43. Rf6 Rc1+ 44. Kf2 Rc2+ 45. Ke1 Kg7 46. Rxb6 Bf3 47. e6 Re2+ 48. Kf1 Rxe3 49. Re5 Rxe5 50. dxe5 Kf8 51. Rb7 Bd1 52. Rb5 Bxa4 53. Rxd5 Bb3 54. Rxa5 Ke7 55. Kf2 Kxe6 56. Ke3 Bc2 57. Kf4 Ke7 58. Ra6 Bd3 59. Rf6 Bc2 60. Kg5 Bb1 61. Rxg6 Bc2 62. Kxh5 Bd1+ 63. Kg5 Bc2 64. Rf6 Bb3 65. h5 Bg8 66. h6 Bh7 67. e6 Bc2 68. h7 Bxh7 69. Rf7+ Kxe6 70. Rxh7 Ke5 71. Rf7 Kd4 72. Rf5 Ke3 73. Kf6 1-0


[Site "https://www.chess.com"]

[Event "Titled Tuesday Blitz March 15 Late 2022"]
[White "Odegov, Artem"]
[Black "Bashirli, Nail"]
[WhiteFideId "34183644"]
[BlackFideId "13406809"]
[WhiteElo "2286"]
[BlackElo "2333"]
[Result "0-1"]
[Round "03"]
[TimeControl "180+1"]
[Date "2022.03.16"]
[WhiteClock "0:00:01"]
[BlackClock "0:01:03"]

1. d4 Nf6 2. c4 e6 3. Nf3 Bb4+ 4. Bd2 Qe7 5. g3 O-O 6. Bg2 Bxd2+ 7. Nbxd2 d6 8. O-O e5 9. e4 Bg4 10. d5 Nbd7 11. Qc2 a5 12. Rae1 Nc5 13. h3 Bxf3 14. Bxf3 a4 15. Bg2 Nfd7 16. f4 Rab8 17. f5 b5 18. Kh2 bxc4 19. Nxc4 Rb5 20. g4 Rfb8 21. Re3 Qg5 22. f6 Nxf6 23. Rf5 Qh4 24. Rg3 Rb4 25. g5 Ncxe4 26. Ra3 Ng4+ 27. Kg1 Rxc4 28. Rf1 0-1


[Site "https://www.chess.com"]

[Event "Titled Tuesday Blitz March 15 Late 2022"]
[White "Olsen, Filip Boe"]
[Black "Fier, Alexandr"]
[WhiteFideId "1440640"]
[BlackFideId "2107139"]
[WhiteElo "2188"]
[BlackElo "2571"]
[Result "1-0"]
[Round "03"]
[TimeControl "180+1"]
[Date "2022.03.16"]
[WhiteClock "0:01:06"]
[BlackClock "0:02:14"]

1. d4 c5 2. c3 Nf6 3. Nf3 b6 4. Bf4 Bb7 5. e3 g6 6. Nbd2 d6 7. h3 Nbd7 8. Bd3 Bg7 9. Qe2 O-O 10. O-O Re8 11. e4 cxd4 12. cxd4 e5 13. dxe5 d5 14. exf6 dxe4 15. fxg7 exf3 16. Qd1 fxg2 17. Re1 Qh4 18. Qg4 Qxg4 19. hxg4 Nc5 20. Bb5 Red8 21. Bg5 Rd5 22. Nf3 Ne6 23. Bc4 Nxg5 24. Bxd5 Nh3+ 25. Kxg2 Nf4+ 26. Kg3 Nxd5 27. Rad1 Kxg7 28. Ne5 Rc8 29. Rd2 Nf6 30. f3 h5 31. g5 Ng8 32. Rd7 Bd5 33. Rxd5 Ne7 34. Rd7 Nf5+ 35. Kf4 Rc4+ 36. Re4 Rc5 37. Nxf7 Kg8 38. Nh6+ 1-0


[Site "https://www.chess.com"]

[Event "Titled Tuesday Blitz March 15 Late 2022"]
[White "Oro, Luis"]
[Black "Ciolek, Andreas"]
[WhiteFideId "104094"]
[BlackFideId "12906727"]
[WhiteElo "2255"]
[BlackElo "2215"]
[Result "1-0"]
[Round "03"]
[TimeControl "180+1"]
[Date "2022.03.16"]
[WhiteClock "0:00:23"]
[BlackClock "0:00:11"]

1. e4 c5 2. Nf3 d6 3. d4 cxd4 4. Nxd4 Nf6 5. Nc3 a6 6. f3 e5 7. Nb3 Be7 8. Be3 Be6 9. Qd2 h5 10. O-O-O Nbd7 11. Kb1 Rc8 12. Nd5 Nxd5 13. exd5 Bf5 14. Bd3 Bxd3 15. Qxd3 Bg5 16. Nd2 Bxe3 17. Qxe3 Nc5 18. f4 Qe7 19. Rhe1 f6 20. fxe5 fxe5 21. Qh3 Kd8 22. Nf3 Qf6 23. Nh4 g5 24. Nf5 g4 25. Qh4 Rf8 26. Qxf6+ Rxf6 27. Rf1 Ne4 28. Kc1 Kd7 29. Ng7 h4 30. Rxf6 Nxf6 31. c3 Rg8 32. Nf5 h3 33. g3 Rg5 34. Ne3 Ne4 35. Rf1 Rg7 36. Kc2 Ke7 37. Kd3 Nc5+ 38. Ke2 Kd7 39. Rf6 b5 40. Nf5 Rg8 41. Rxd6+ Ke8 42. Rc6 Ne4 43. Rc8+ Kf7 44. Nh6+ Kg7 45. Nxg8 Nxg3+ 46. Kf2 Ne4+ 47. Kg1 Nd2 48. Ne7 e4 49. Nf5+ Kf6 50. Ne3 Ke5 51. Nxg4+ Kf4 52. Nf2 e3 53. Nxh3+ Kf3 54. Rf8+ Kg4 55. Nf4 Nf3+ 56. Kh1 Kg5 57. Ne2 Ne5 58. Re8 Nc4 59. Kg2 Kf5 60. Kf3 Nxb2 61. Rxe3 Nd1 62. Rd3 Nb2 63. Rd4 Nc4 64. Ng3+ Kf6 65. h4 Ne5+ 66. Kf4 Ng6+ 67. Kg4 Ne5+ 68. Kh3 Nf3 69. Rf4+ Ke5 70. Rxf3 Kxd5 71. h5 Kc4 72. h6 a5 73. h7 b4 74. cxb4 Kxb4 75. h8=Q Ka4 76. Qd4+ Kb5 77. Rf5+ Kc6 78. Qf6+ Kd7 79. Rh5 Ke8 80. Rh7 a4 81. Qh8# 1-0


[Site "https://www.chess.com"]

[Event "Titled Tuesday Blitz March 15 Late 2022"]
[White "Palachev, Petr"]
[Black "Travadon, Loic"]
[WhiteFideId "24129003"]
[BlackFideId "26092131"]
[WhiteElo "2339"]
[BlackElo "2095"]
[Result "0-1"]
[Round "03"]
[TimeControl "180+1"]
[Date "2022.03.15"]
[WhiteClock "0:00:52"]
[BlackClock "0:01:00"]

1. d4 g6 2. e4 Bg7 3. Nc3 d6 4. Nf3 Nd7 5. Be3 e6 6. Qd2 h6 7. O-O-O Ne7 8. h4 a6 9. h5 g5 10. Nxg5 hxg5 11. Bxg5 b5 12. h6 Bf6 13. h7 Bxg5 14. Qxg5 Ng6 15. Qe3 Qf6 16. g3 b4 17. Bg2 Qg7 18. e5 d5 19. Nxd5 exd5 20. Bxd5 Rb8 21. e6 fxe6 22. Bxe6 Ne7 23. d5 Rxh7 24. Rxh7 Qxh7 25. d6 cxd6 26. Rxd6 Rb5 27. Qf4 Rc5 28. Bb3 Rf5 29. Qxb4 Nc5 30. Ba4+ Nxa4 31. Qxa4+ Rb5 32. c4 Qh1+ 33. Kd2 Qe4 34. b3 Qe5 35. cxb5 Qxd6+ 36. Kc1 Qc5+ 37. Kb2 axb5 38. Qa5 Qxf2+ 39. Ka3 Qc5+ 40. Kb2 Qd4+ 41. Qc3 Qxc3+ 42. Kxc3 Bd7 43. Kb4 Kd8 44. a4 bxa4 45. bxa4 Nc6+ 46. Kb5 Nd4+ 47. Kc5 Ne2 48. a5 Kc7 49. Kd5 Nxg3 50. Kc5 Nf1 51. Kd5 Nd2 52. Kc5 Ne4+ 53. Kb4 Nd6 54. Kc5 Nc8 55. a6 Na7 56. Kb4 Bb5 57. Kc5 Bxa6 58. Kd4 Kd6 59. Ke4 Nc6 60. Ke3 Ke5 61. Kd2 Kd4 62. Kc2 Bc4 63. Kb2 Nb4 64. Ka3 Kc3 65. Ka4 Nc6 66. Ka3 Bd3 67. Ka2 Nb4+ 68. Ka1 Nd5 69. Ka2 Ne3 70. Ka1 Nf1 71. Ka2 Nd2 72. Ka1 Nb3+ 73. Ka2 Bh7 74. Ka3 Bb1 75. Ka4 Nd4 76. Ka5 Kc4 77. Kb6 Nb5 78. Kc6 Bf5 79. Kb6 Bd7 80. Ka5 Kc5 81. Ka4 Be6 82. Ka5 Bb3 83. Ka6 Nd6 84. Ka5 Bd1 85. Ka6 Bc2 86. Ka5 Nb7+ 87. Ka6 Kc6 88. Ka7 Nd6 89. Ka6 Nb7 90. Ka7 Kc7 91. Ka6 Bd3+ 92. Ka7 Nd6 93. Ka8 Bf1 94. Ka7 Nc8+ 0-1


[Site "https://www.chess.com"]

[Event "Titled Tuesday Blitz March 15 Late 2022"]
[White "Papasimakopoulos, Alexandros"]
[Black "Plotnikov, Pavel"]
[WhiteFideId "4244125"]
[BlackFideId "4170342"]
[WhiteElo "2340"]
[BlackElo "2298"]
[Result "1-0"]
[Round "03"]
[TimeControl "180+1"]
[Date "2022.03.16"]
[WhiteClock "0:01:08"]
[BlackClock "0:00:12"]

1. d4 e6 2. c4 f5 3. g3 Nf6 4. Bg2 Bb4+ 5. Bd2 Qe7 6. Nf3 O-O 7. O-O Bxd2 8. Qxd2 d6 9. Nc3 Nc6 10. Rfe1 e5 11. dxe5 dxe5 12. Nd5 Nxd5 13. cxd5 Nd8 14. Rac1 f4 15. Qc3 e4 16. Nd4 c6 17. dxc6 Nxc6 18. Nxc6 bxc6 19. Qxc6 Bb7 20. Qc7 Rae8 21. gxf4 e3 22. Bxb7 exf2+ 23. Kxf2 Qe3+ 24. Kg2 Rxf4 25. Bf3 Re6 26. Qc8+ Rf8 27. Qd7 Rg6+ 28. Kh1 h6 29. Qd5+ Kh8 30. Rg1 Rgf6 31. Rcf1 g5 32. Rd1 Qf2 33. Qd4 Kh7 34. Qxf2 1-0


[Site "https://www.chess.com"]

[Event "Titled Tuesday Blitz March 15 Late 2022"]
[White "Pesotskiy, Mikhail"]
[Black "Fishbein, Alexander"]
[WhiteFideId "34164453"]
[BlackFideId "2000377"]
[WhiteElo "2010"]
[BlackElo "2442"]
[Result "1-0"]
[Round "03"]
[TimeControl "180+1"]
[Date "2022.03.16"]
[WhiteClock "0:00:27"]
[BlackClock "0:00:04"]

1. d4 Nf6 2. c4 g6 3. Nc3 Bg7 4. e4 d6 5. f3 O-O 6. Be3 c5 7. dxc5 dxc5 8. Qxd8 Rxd8 9. Bxc5 Nc6 10. Nge2 b6 11. Ba3 e6 12. Rd1 Rxd1+ 13. Kxd1 Ba6 14. Nb5 Rd8+ 15. Kc2 Bh6 16. Nec3 Rd2+ 17. Kb1 Bxb5 18. cxb5 Ne5 19. b3 Nd3 20. Bxd3 Rxd3 21. Rd1 Rd2 22. Bd6 Rxg2 23. Be5 Bg5 24. Bb8 Be3 25. Bxa7 Rxh2 26. Na4 h5 27. Bxb6 Bf4 28. Bd4 Nd7 29. Ba7 Ne5 30. Bb8 g5 31. b6 Nc6 32. Bxf4 gxf4 33. b7 Rf2 34. Rd6 Rxf3 35. Rxc6 Rf1+ 36. Kb2 1-0


[Site "https://www.chess.com"]

[Event "Titled Tuesday Blitz March 15 Late 2022"]
[White "Plazuelo Pascual, Juan"]
[Black "Martinez Alcantara, Jose Eduardo"]
[WhiteFideId "32059566"]
[BlackFideId "3805662"]
[WhiteElo "2364"]
[BlackElo "2690"]
[Result "0-1"]
[Round "03"]
[TimeControl "180+1"]
[Date "2022.03.16"]
[WhiteClock "0:00:05"]
[BlackClock "0:00:05"]

1. Nf3 c5 2. g3 Nc6 3. Bg2 g6 4. O-O Bg7 5. c3 e5 6. e4 Nge7 7. d3 O-O 8. Re1 d6 9. a4 h6 10. Na3 Be6 11. Nc4 Qd7 12. a5 Rad8 13. Qa4 Kh7 14. Nfd2 f5 15. exf5 gxf5 16. a6 b6 17. b4 Nd5 18. bxc5 bxc5 19. Bb2 Nde7 20. d4 e4 21. dxc5 d5 22. Ne3 Ne5 23. Qxd7 Rxd7 24. Reb1 f4 25. Nc2 Nd3 26. Nd4 Bf7 27. c6 Rc7 28. Ba3 Rfc8 29. Nxe4 dxe4 30. Bxe4+ Bg6 31. Bxg6+ Kxg6 32. Ne6 Rxc6 33. Nxg7 Nd5 34. Rb7 f3 35. h4 Nxc3 36. h5+ Kg5 37. Be7+ Kg4 38. Bh4 Kh3 39. Nf5 Ne2+ 40. Kf1 Rc1+ 0-1


[Site "https://www.chess.com"]

[Event "Titled Tuesday Blitz March 15 Late 2022"]
[White "Przybylski, Wojciech"]
[Black "Amburgy, Ryan"]
[WhiteFideId "1117599"]
[BlackFideId "30924820"]
[WhiteElo "2133"]
[BlackElo "2066"]
[Result "1-0"]
[Round "03"]
[TimeControl "180+1"]
[Date "2022.03.16"]
[WhiteClock "0:00:10"]
[BlackClock "0:00:16"]

1. d4 Nf6 2. c4 e6 3. Nc3 Bb4 4. Nf3 b6 5. e3 Bb7 6. Bd2 O-O 7. Bd3 d5 8. a3 Bxc3 9. Bxc3 Nbd7 10. O-O Re8 11. Ne5 dxc4 12. Bxc4 Nxe5 13. dxe5 Ne4 14. Be1 Qe7 15. f3 Red8 16. Qe2 Nc5 17. Bf2 a5 18. Rad1 h6 19. h4 Bd5 20. e4 Bc6 21. Rxd8+ Rxd8 22. Rd1 Na4 23. Rd2 Rxd2 24. Qxd2 Qd7 25. Qd4 Nc5 26. Qxd7 Nxd7 27. Bd4 Kf8 28. Kf2 Ke7 29. Ke3 Nf8 30. f4 Nd7 31. h5 f6 32. b4 fxe5 33. fxe5 axb4 34. axb4 Ba4 35. Kf4 Bd1 36. g4 c5 37. Bc3 Ba4 38. Be1 b5 39. Be2 c4 40. Bh4+ Kf7 41. Be1 Bc2 42. Bc3 Nb8 43. Bf3 Nc6 44. g5 hxg5+ 45. Kxg5 Bd3 46. h6 gxh6+ 47. Kxh6 Ke7 48. Kg5 Nd8 49. Bh5 Bxe4 50. Kf4 Bf5 51. Ke3 Nc6 52. Bf3 Kd7 53. Kf4 Ne7 54. Ke3 Kc7 55. Kd4 Kb6 56. Ke3 Ng6 57. Kd4 Nf4 58. Bd2 Nd3 59. Be3 Nxb4 60. Kc3+ Ka5 61. Bc5 Na2+ 62. Kb2 b4 63. Kxa2 Kb5 64. Bd6 c3 65. Kb3 c2 66. Be2+ Kc6 67. Kb2 b3 68. Bb4 Kd5 69. Bc3 Ke4 70. Bc4 Ke3 71. Bxb3 Kf4 72. Bxc2 Bg4 73. Bb3 Ke3 74. Bc2 Ke2 75. Bg6 Ke3 76. Kb3 Kf4 77. Kb4 Kg5 78. Be8 Kf4 79. Bb5 Ke4 80. Bc4 Kf4 81. Kc5 Kg5 82. Kd6 Kg6 83. Bxe6 Bf3 84. Bd5 Bg4 85. Be4+ Kf7 86. Bd5+ Ke8 87. e6 Bxe6 88. Bxe6 Kf8 89. Bd4 Ke8 90. Be5 Kf8 91. Bf4 Ke8 92. Bd7+ Kf7 93. Bc6 Kf6 94. Be4 Kf7 95. Be5 Ke8 96. Ke6 Kd8 97. Bb7 Ke8 98. Bc7 Kf8 99. Kf6 Ke8 100. Bc6+ Kf8 101. Bd6+ Kg8 102. Kg6 Kh8 103. Be4 Kg8 104. Bd5+ Kh8 105. Be5# 1-0


[Site "https://www.chess.com"]

[Event "Titled Tuesday Blitz March 15 Late 2022"]
[White "Risteski, Emil"]
[Black "Vovk, Orest"]
[WhiteFideId "15005267"]
[BlackFideId "14113490"]
[WhiteElo "2070"]
[BlackElo "2203"]
[Result "0-1"]
[Round "03"]
[TimeControl "180+1"]
[Date "2022.03.16"]
[WhiteClock "0:00:06"]
[BlackClock "0:01:14"]

1. e4 Nc6 2. Nf3 d5 3. exd5 Qxd5 4. Nc3 Qa5 5. Bb5 Bd7 6. O-O O-O-O 7. d4 a6 8. Bxc6 Bxc6 9. Ne5 Be8 10. Be3 f6 11. Nc4 Qh5 12. Qe1 Bf7 13. Nd2 e6 14. Rb1 Bd6 15. g3 Nh6 16. f3 Nf5 17. Bf2 Qh3 18. Nce4 Be7 19. c3 h5 20. b4 h4 21. g4 Ng3 22. hxg3 f5 23. Be3 fxe4 24. Nxe4 Bg6 25. Qe2 Bxe4 26. fxe4 hxg3 27. Qg2 Qxg4 28. Rf4 Qg6 29. Rf3 Qxe4 30. Rbf1 Bd6 0-1


[Site "https://www.chess.com"]

[Event "Titled Tuesday Blitz March 15 Late 2022"]
[White "Roberson, Peter T"]
[Black "Taichman, Ori"]
[WhiteFideId "412384"]
[BlackFideId "2804069"]
[WhiteElo "2346"]
[BlackElo "2227"]
[Result "0-1"]
[Round "03"]
[TimeControl "180+1"]
[Date "2022.03.16"]
[WhiteClock "0:00:48"]
[BlackClock "0:01:07"]

1. e4 c5 2. Na3 Nc6 3. Bb5 g6 4. f4 Bg7 5. Nf3 Nd4 6. Bc4 a6 7. c3 Nxf3+ 8. Qxf3 b5 9. Be2 Bb7 10. O-O d5 11. d3 Qb6 12. exd5 Nf6 13. c4 e6 14. f5 O-O 15. Bg5 exd5 16. Qh3 bxc4 17. dxc4 Qxb2 18. Bf3 Qxa3 19. Rab1 Bc8 20. Bxf6 Bxf5 21. Bxd5 Bxh3 22. Rb3 Qxa2 23. Rxh3 Bxf6 24. Rxf6 Rab8 25. Rhf3 0-1


[Site "https://www.chess.com"]

[Event "Titled Tuesday Blitz March 15 Late 2022"]
[White "Romanchuk, Viktor"]
[Black "Petrova, Irina"]
[WhiteFideId "14109271"]
[BlackFideId "14124122"]
[WhiteElo "2242"]
[BlackElo "1993"]
[Result "1-0"]
[Round "03"]
[TimeControl "180+1"]
[Date "2022.03.16"]
[WhiteClock "0:00:18"]
[BlackClock "0:00:16"]

1. d4 d5 2. c4 c6 3. Nc3 Nf6 4. e3 e6 5. Nf3 Nbd7 6. Qc2 Bd6 7. b3 O-O 8. Bb2 b6 9. Be2 Bb7 10. O-O Qe7 11. Rad1 Rac8 12. e4 dxe4 13. Nxe4 Nxe4 14. Qxe4 Nf6 15. Qh4 c5 16. dxc5 Bxc5 17. Ne5 Rfd8 18. Bd3 h6 19. Bc2 Ba8 20. Ng4 Nxg4 21. Qxg4 Qg5 22. Qxg5 hxg5 23. Rxd8+ Rxd8 24. Rd1 Rxd1+ 25. Bxd1 f6 26. Kf1 Kf7 27. f3 Bd6 28. h3 Bc6 29. Bc2 b5 30. Bd3 bxc4 31. Bxc4 Ke7 32. Ke2 Bc5 33. Bc3 Kd6 34. a4 Bd5 35. Kd3 e5 36. b4 Bf2 37. b5 g6 38. a5 f5 39. Bb4+ Ke6 40. b6 axb6 41. a6 e4+ 42. fxe4 fxe4+ 43. Kc3 Bxc4 44. Kxc4 b5+ 45. Kxb5 Kf5 46. Bc5 Bxc5 47. Kxc5 e3 48. a7 e2 49. a8=Q e1=Q 50. Qf8+ 1-0


[Site "https://www.chess.com"]

[Event "Titled Tuesday Blitz March 15 Late 2022"]
[White "Romero Ruscalleda, Josep"]
[Black "Eisen, Zane"]
[WhiteFideId "2231859"]
[BlackFideId "2098750"]
[WhiteElo "2332"]
[BlackElo "2016"]
[Result "1-0"]
[Round "03"]
[TimeControl "180+1"]
[Date "2022.03.16"]
[WhiteClock "0:02:41"]
[BlackClock "0:01:47"]

1. e4 c5 2. c3 d6 3. d4 Nd7 4. Nf3 g6 5. Bc4 Bg7 6. O-O Rb8 7. a4 a6 8. a5 b5 9. Bxf7+ Kxf7 10. Ng5+ Ke8 11. Ne6 1-0


[Site "https://www.chess.com"]

[Event "Titled Tuesday Blitz March 15 Late 2022"]
[White "Rosenberg, Evan S"]
[Black "Matlakov, Maxim"]
[WhiteFideId "2019299"]
[BlackFideId "4168003"]
[WhiteElo "2295"]
[BlackElo "2669"]
[Result "0-1"]
[Round "03"]
[TimeControl "180+1"]
[Date "2022.03.15"]
[WhiteClock "0:00:01"]
[BlackClock "0:00:32"]

1. Nf3 Nf6 2. c4 c6 3. d4 d5 4. cxd5 cxd5 5. Nc3 Nc6 6. Bf4 Ne4 7. e3 Nxc3 8. bxc3 g6 9. Ne5 Nxe5 10. Bxe5 f6 11. Bg3 Qa5 12. Qb3 e6 13. Bb5+ Kf7 14. O-O Be7 15. h4 Rd8 16. h5 Bd7 17. Bxd7 Rxd7 18. c4 dxc4 19. hxg6+ hxg6 20. Qxc4 Qd5 21. Qxd5 exd5 22. Rfc1 b5 23. Rab1 b4 24. Rc6 a5 25. f3 a4 26. Be1 Rb7 27. Kf2 b3 28. axb3 axb3 29. Bc3 Ra2+ 30. Rb2 Ba3 31. Rxa2 bxa2 32. Ra6 Bb2 33. Bxb2 Rxb2+ 34. Kg3 g5 35. e4 dxe4 36. fxe4 Ke7 37. d5 Kd7 38. Kf3 Kc7 39. g3 Kb7 40. Ra4 Kb6 41. Kg4 Rf2 42. Ra8 Kb7 43. Ra4 Kb6 44. Ra8 Kc5 45. Kh5 Kd6 46. Kg6 Ke5 47. Ra4 g4 0-1


[Site "https://www.chess.com"]